AoeStats
← Cerrahpaşalı Metin

Oasis

509688364Analyzed
2v2 RM · 6d ago on Sep 27, 2026· 40m 50s· 4 players
Game mode
Random Map
Map size
Medium (4 player)
Population
200
Speed
Normal
Resources
Standard
Victory
Conquest
Starting age
Dark Age
Ending age
Imperial Age
RankedLock teamsTeams togetherTeam positionsShared explorationLock speedFull tech treeHidden civsTurbo modeCheats
Victory
Defeat
🇩🇪 Saracens · Germany
1082
+13
🇩🇪 Malians · Germany
1023
+15
🇹🇷 Vikings · Türkiye
1013
-14
🇹🇷 Franks · Türkiye
1013
-14
Cerrahpaşalı Metin
0:26 Loom
10:30 Feudal Age
11:11 Double-Bit Axe
11:08 Horse Collar
18:51 Castle Age
16:39 Man-at-Arms
18:50 Forging
19:26 Town Watch
20:12 Squires
20:31 Arson
21:15 Long Swordsman
23:51 Elite Skirmisher
26:28 Fletching
27:47 Scale Mail Armor
32:30 Imperial Age
31:24 Bodkin Arrow
32:04 Padded Archer Armor
33:19 Iron Casting
33:01 Leather Archer Armor
32:55 Two-Handed Swordsman
35:21 Champion
36:46 Crossbowman
37:04 Pikeman
Cerrahpaşalı Halit
10:34 Feudal Age
12:22 Loom
21:23 Castle Age
19:08 Loom
19:26 Double-Bit Axe
23:36 Gold Mining
26:51 Pikeman
27:31 Squires
31:08 Gold Shaft Mining
30:45 Bow Saw
31:46 Scale Barding Armor
31:51 Forging
40:04 Imperial Age
37:19 Loom
39:11 Husbandry
40:09 Chain Barding Armor
40:24 Iron Casting
40:10 Cavalier
45gg | Luk
10:40 Feudal Age
16:44 Castle Age
16:56 Double-Bit Axe
20:10 Wheelbarrow
19:57 Bloodlines
26:56 Hand Cart
32:14 Husbandry
34:16 Ballistics
35:02 Scale Barding Armor
35:11 Forging
35:08 Scale Barding Armor
38:06 Imperial Age
38:14 Pikeman
38:58 Farimba
40:32 Conscription
45gg | Jul
9:32 Loom
9:53 Loom
11:39 Feudal Age
16:31 Castle Age
14:55 Double-Bit Axe
14:58 Horse Collar
17:22 Bow Saw
25:42 Bloodlines
27:13 Husbandry
27:45 Forging
32:34 Imperial Age
30:40 Wheelbarrow
30:32 Fletching
30:26 Light Cavalry
31:15 Scale Barding Armor
32:24 Chain Barding Armor
34:34 Chemistry
34:43 Chemistry
35:14 Plate Barding Armor
37:31 Conscription
Connection lost

Rejoining the realm…

Still unreachable

The connection could not be restored.

Session expired

The server has moved on; the page needs a fresh start.